 Dungeon Crawl Stone Soup version 0.25-a0-942-g87a53962fc (webtiles) character file.

Game seed: 14000918349007262670, levelgen mode: deterministic

1550 Chiseanne the Grasshopper (level 8, -5/58 HPs)
             Began as a Demonspawn Wanderer on May 7, 2020.
             Was an Initiate of Vehumet.
             Killed from afar by Harold (17 damage)
             ... with a harpoon shot
             ... on level 7 of the Dungeon.
             The game lasted 00:36:13 (5780 turns).

Chiseanne the Grasshopper (Demonspawn Wanderer)     Turns: 5780, Time: 00:36:14

Health: -5/58      AC:  8    Str: 13    XL:     8   Next: 57%
Magic:  0/15       EV:  7    Int: 19    God:    Vehumet [......]
Gold:   204        SH:  0    Dex: 14    Spells: 5/16 levels left

rFire    + . .     SeeInvis .   a - +1 hand axe (vorpal)
rCold    + + .     Gourm    .   (no shield)
rNeg     . . .     Faith    .   t - +2 leather armour {rC+}
rPois    +         Spirit   +   (helmet restricted)
rElec    +         Reflect  .   (no cloak)
rCorr    +         Harm     .   j - +0 pair of gloves
MR       .....                  (no boots)
Stlth    +.........             (no amulet)
HPRegen  0.19/turn              v - +3 ring of strength
MPRegen  0.14/turn              (no ring)

@: mighty, resistant, very slightly contaminated, held, invisible
A: antennae 1, icy blue scales 1, clever 1, spiny 1, magic shield
a: Renounce Religion


You were on level 7 of the Dungeon.
You worshipped Vehumet.
Vehumet was noncommittal.
You were not hungry.

You visited 2 branches of the dungeon, and saw 8 of its levels.

You collected 303 gold pieces.
You spent 99 gold pieces at shops.

Inventory:

Hand Weapons
 a - a +1 vorpal hand axe (weapon)
 d - a +0 quarterstaff
 q - a +0 hunting sling
 s - a +2 dagger of protection
Missiles
 e - 71 arrows
 g - 12 poisoned darts (quivered)
 m - 114 stones
 r - 28 bolts
 u - 48 sling bullets
 z - 2 atropa-tipped darts
Armour
 c - a +0 helmet
 j - a +0 pair of gloves (worn)
 t - a +2 leather armour of cold resistance (worn)
Jewellery
 v - a +3 ring of strength (left hand)
Wands
 i - a wand of digging (1)
 y - a wand of polymorph (7)
Scrolls
 n - 4 scrolls of remove curse
 o - a scroll of amnesia
Potions
 b - 6 potions of curing
 h - 2 potions of brilliance
 w - a potion of cancellation
 x - a potion of flight
Comestibles
 f - 8 rations
 A - 6 chunks of flesh


   Skills:
 - Level 3.2 Fighting
 - Level 1.0 Axes
 - Level 1.0 Throwing
 * Level 3.5 Armour
 - Level 3.5 Dodging
 - Level 1.0 Stealth
 * Level 4.9 Spellcasting
 * Level 2.1 Conjurations
 - Level 3.1 Charms
 * Level 5.4 Translocations


You had 5 spell levels left.
You knew the following spells:

 Your Spells              Type           Power        Failure   Level  Hunger
a - Magic Dart            Conj           ##..         6%          1    None
b - Searing Ray           Conj           ##....       10%         2    #......
c - Shroud of Golubria    Chrm/Tloc      ###...       4%          2    #......
d - Blink                 Tloc           N/A          2%          2    #......
e - Passage of Golubria   Tloc           N/A          16%         4    ####...

Your spell library contained the following spells:

 Spells                   Type           Power        Failure   Level  Hunger
 Gell's Gravitas          Tloc           ####......   4%          3    ##.....
 Lesser Beckoning         Tloc           ####......   4%          3    ##.....
 Teleport Other           Tloc           ####....     4%          3    ##.....
 Dazzling Flash           Conj/Hex       #.....       30%         3    ##.....
 Iskenderun's Mystic Bla  Conj/Tloc      ###.....     32%         4    ####...
 Fulminant Prism          Conj/Hex       #.........   69%         4    ####...


Dungeon Overview and Level Annotations

Branches:
Dungeon (7/15)             Temple (1/1) D:6

Altars:
Ashenzari
Cheibriados
Fedhas
Gozag
Hepliaklqana
Kikubaaqudgha
Makhleb
Nemelex Xobeh
Okawaru
Ru
Trog
Uskayaw
Vehumet
Xom
Zin

Shops:
D:6 [

Annotations:
D:6 3 runed translucent doors, harlaan's ghost, novice DESu
D:7 Harold


Innate Abilities, Weirdness & Mutations

You are partially covered in icy blue scales. (AC +2)
You are partially covered in sharp spines.
When hurt, damage is shared between your health and your magic reserves.
You have a pair of small antennae on your head.
Your mind is acute. (Int +2)


Message History

Confirm with . or Enter, or press ? or * to list all spells.
You don't have enough magic to cast that spell.
Casting: Blink (safe; 2% risk of failure)
Confirm with . or Enter, or press ? or * to list all spells.
You don't have enough magic to cast that spell.
It was a potion of mutation.
You feel extremely strange.
You feel clever. A pair of antennae grows on your head!
Your +0 helmet falls away!
It was a potion of invisibility.
You fade into invisibility!
Harold fires a harpoon shot at you. The harpoon shot misses you.
You are very lightly contaminated with residual magic.
You cannot throw anything while held in a net.
Unknown command.
You tear a large gash into the net.
You struggle against the net.
Harold fires a harpoon shot at you. The harpoon shot hits you!!
You die...

###.....##.............
#...
#.......##.............
#...
#.......###...+###.....
#.<. #.......# #...+
..... #... #......##
#...# ?.### #...
#......####...# #...
#.............# ####
#.............+
#..........@.@#
#.$......##...#
#......######.#
.####.## #.# #. #.# ..#
#. #.# ..# .##


You could see Harold.

Vanquished Creatures
  Grinder (D:4)
  A hippogriff (D:7)
  Sigmund (D:6)
  An orc warrior (D:5)
  A swamp drake (D:5)
  Duvessa (D:5)
  A sky beast (D:7)
  A phantom (D:6)
  An ogre (D:4)
  A centaur (D:6)
  A jelly (D:6)
  2 centaur skeletons
  3 orc priests
  Ijyb (D:5)
  2 iguanas
  A worker ant (D:4)
  A hound skeleton (D:6)
  2 adders (D:5)
  An ooze (D:1)
  An adder skeleton (D:6)
  A dart slug (D:2)
  A worm (D:5)
  8 leopard geckos
  14 orcs
  A ball python (D:5)
  3 giant cockroaches
  3 goblins
  3 hobgoblins
  4 jackals (D:3)
  2 quokkas
  3 bats
  3 frilled lizards
  3 kobolds
  A leopard gecko zombie (D:5)
  A quokka skeleton (D:5)
  A quokka zombie (D:7)
  2 rats (D:3)
79 creatures vanquished.

Notes
Turn   | Place    | Note
-------+----------+-------------------------------------------
     0 | D:1      | Chiseanne the Demonspawn Wanderer began the quest for the
                  | Orb.
     0 | D:1      | Chiseanne set off with the following items: a +0 dagger, a
                  | potion of curing, a potion of lignification, a +0 robe, a
                  | ration; and the following spells available to memorise:
                  | Blink, Shroud of Golubria, Gell's Gravitas, Lesser
                  | Beckoning, Teleport Other, Passage of Golubria
     0 | D:1      | Reached XP level 1. HP: 13/13 MP: 2/2
   335 | D:1      | Reached skill level 1 in Fighting
   335 | D:1      | Gained mutation: You are partially covered in icy blue
                  | scales. (AC +2) [demonic ancestry]
   335 | D:1      | Reached XP level 2. HP: 10/21 MP: 4/4
   617 | D:2      | Found a faded altar of an unknown god.
   669 | D:2      | Reached skill level 1 in Dodging
  1055 | D:3      | Learned a level 2 spell: Blink
  1083 | D:3      | Gained mutation: You are partially covered in sharp spines.
                  | [demonic ancestry]
  1083 | D:3      | Reached XP level 3. HP: 21/26 MP: 5/5
  1576 | D:4      | Noticed an ogre
  1636 | D:4      | Killed an ogre
  1636 | D:4      | Reached skill level 3 in Translocations
  1636 | D:4      | Gained mutation: When hurt, damage is shared between your
                  | health and your magic reserves. [demonic ancestry]
  1636 | D:4      | Reached XP level 4. HP: 33/33 MP: 3/7
  1663 | D:4      | Learned a level 2 spell: Shroud of Golubria
  1955 | D:4      | Reached XP level 5. HP: 31/39 MP: 5/8
  2060 | D:4      | Found a glowing silver altar of Zin.
  2175 | D:4      | Noticed Grinder
  2187 | D:4      | Paralysed by Grinder for 6 turns
  2197 | D:4      | Paralysed by Grinder for 4 turns
  2206 | D:4      | Killed Grinder
  2206 | D:4      | Reached XP level 6. HP: 17/47 MP: 1/10
  2479 | D:4      | Learned a level 4 spell: Passage of Golubria
  2558 | D:5      | Entered Level 5 of the Dungeon
  2719 | D:5      | Noticed Dowan
  2867 | D:5      | Noticed Ijyb
  3429 | D:5      | Reached skill level 4 in Translocations
  3656 | D:5      | Killed Ijyb
  3656 | D:5      | Reached skill level 1 in Charms
  3687 | D:5      | Reached XP level 7. HP: 43/52 MP: 9/12
  3920 | D:5      | Noticed Duvessa
  3942 | D:5      | Killed Duvessa
  3949 | D:5      | Noticed Dowan
  3949 | D:5      | Dowan changed into Dowan the swamp drake
  3969 | D:5      | Killed Dowan the swamp drake
  4213 | D:6      | Found a staircase to the Ecumenical Temple.
  4646 | D:6      | Reached XP level 8. HP: 49/58 MP: 11/14
  4713 | D:6      | Found Peblaul's Antique Armour Shop.
  4764 | D:6      | Bought a helmet for 99 gold pieces
  4823 | Temple   | Entered the Ecumenical Temple
  4942 | D:6      | Found a runed translucent gate.
  4943 | D:6      | Found a runed translucent gate.
  4943 | D:6      | Noticed harlaan's ghost (novice DESu)
  4944 | D:6      | Found a runed translucent gate.
  4965 | D:6      | Noticed Sigmund
  5138 | D:6      | Found a radiant altar of Vehumet.
  5139 | D:6      | Found an ancient bone altar of Kikubaaqudgha.
  5140 | D:6      | Found a hide-covered altar of Uskayaw.
  5140 | D:6      | Found a hazy altar of Hepliaklqana.
  5146 | D:6      | Became a worshipper of Vehumet
  5199 | D:6      | Killed Sigmund
  5199 | D:6      | Reached skill level 5 in Translocations
  5262 | D:6      | Learned a level 1 spell: Magic Dart
  5265 | D:6      | Learned a level 2 spell: Searing Ray
  5552 | D:7      | Noticed a hippogriff
  5575 | D:7      | Killed a hippogriff
  5769 | D:7      | Noticed Harold
  5777 | D:7      | Gained mutation: Your mind is acute. (Int +2) [potion of
                  | mutation]
  5777 | D:7      | Gained mutation: You have a pair of small antennae on your
                  | head. [potion of mutation]
  5780 | D:7      | Killed from afar by Harold

Levels and vault maps discovered:
D:1:      lemuel_arrival_rhombus, layout_basic
D:2:      layout_rooms, grunt_temple_overflow_open, old_standard_altar,
          chequers_ecumenical_altar_island
D:3:      layout_basic, lightli_corner_chamber
D:4:      layout_layer_cave, kennysheep_little_box, uniq_grinder
D:5:      layout_basic, first_ration, uniq_ijyb, uniq_duvessa
D:6:      layout_loops_ring, nicolae_overflow_hidden_temple,
          minmay_temple_entry_glass, gammafunk_ghost_split, serial_shops,
          shop_fountains, feat_on_display, uniq_sigmund
D:7:      layout_basic, uniq_harold, uniq_menkaure
Temple:   eino_temple_lava

Skill      XL: |  1  2  3  4  5  6  7  8 |
---------------+-------------------------+-----
Fighting       | 1 2 3 |  3.2
Dodging        | 1 2 3 |  3.5
Spellcasting   | 2 3 4 |  4.9
Translocations | 3 4 5 |  5.4
Charms         | 1 2 3 |  3.1
Armour         | 2 3 |  3.5
Conjurations   | 2 |  2.1
Axes           | |  1.0
Throwing       | |  1.0
Stealth        | |  1.0

Action                   |  1- 3 |  4- 6 |  7- 9 || total
-------------------------+-------+-------+-------++-------
Melee: Dagger            |    52 |    36 |    33 ||   121
       Short sword       |    67 |    24 |       ||    91
       Hand axe          |       |       |    48 ||    48
 Fire: Hunting sling     |       |     7 |    18 ||    25
Throw: Dart              |    39 |    31 |    35 ||   105
 Cast: Blink             |     1 |     3 |     1 ||     5
       Shroud of Golubri |       |     1 |     5 ||     6
       Searing Ray       |       |       |     2 ||     2
Evoke: Wand              |       |       |    11 ||    11
  Use: Scroll            |     5 |     2 |     2 ||     9
       Potion            |       |     1 |     8 ||     9
 Stab: Sleeping          |     3 |       |       ||     3
  Eat: Chunk             |     2 |     7 |     3 ||    12
       Ration            |       |       |     1 ||     1
Armor: Robe              |    25 |    11 |     3 ||    39
       Skin              |       |       |    15 ||    15
       Leather armour    |       |       |    22 ||    22
Dodge: Dodged            |    85 |    57 |    61 ||   203

Table legend:
 A = Non-vault XP
 B = Vault XP
 C = Vault XP percentage of total XP
 D = Non-vault monster count
 E = Vault monster count
 F = Vault count percentage of total count
                 A         B        C        D         E       F
            +---------+---------+-------+---------+---------+-------
      Total |    1415 |     800 |  36.1 |      74 |       5 |   6.3
            +---------+---------+-------+---------+---------+-------
        D:1 |      25 |       0 |   0.0 |      11 |       0 |   0.0
        D:2 |       4 |       0 |   0.0 |       1 |       0 |   0.0
        D:3 |      37 |       0 |   0.0 |      18 |       0 |   0.0
        D:4 |     227 |     277 |  55.0 |       7 |       1 |  12.5
        D:5 |     331 |     311 |  48.4 |      21 |       3 |  12.5
        D:6 |     400 |     212 |  34.6 |      12 |       1 |   7.7
        D:7 |     391 |       0 |   0.0 |       4 |       0 |   0.0
            +---------+---------+-------+---------+---------+-------
